BlackHawks vs Capitals

Created - December 22 2011 at 19:41

Goals
1 2 3 T
BlackHawks 3 1 2 6
Capitals 1 1 2 4
Shots
1 2 3 T
BlackHawks 12 11 10 33
Capitals 10 7 11 28

Period #1

1. BlackHawks , Daniel Paille 4 (Samuel Pahlsson, Anton Babchuk) at 2:25
2. BlackHawks , Mats Zuccarello 6 (Mathieu Darche) at 10:01
3. Capitals , Mike Green 8 (Ryane Clowe, Alexander Ovechkin) at 15:26
4. BlackHawks , Sean Avery 7 (Hal Gill, Jay McClement) at 18:43

Penalties :
Marc Methot (WSH) for Slashing (Minor) at 2:50, James Neal (CHI) for Interference (Minor) at 10:49

Period #2

5. Capitals , Taylor Hall 14 (Alexander Semin, Cory Sarich) at 11:03
6. BlackHawks , Chris Campoli 3 (Ron Hainsey, Mats Zuccarello) at 17:48

Penalties :
Ryan McDonagh (WSH) for Roughing (Minor) at 1:48, Trent Hunter (WSH) for Tripping (Minor) at 8:05, Cory Sarich (WSH) for Hooking (Minor) at 19:22

Period #3

7. Capitals , Alexei Kovalev 4 (Alexander Ovechkin, Mike Green) at 3:25
8. BlackHawks , Joe Thornton 16 (Chris Campoli, Tyler Kennedy) at 9:40 (PP)
9. Capitals , Matt Stajan 4 (Alexander Ovechkin, Mike Green) at 14:28
10. BlackHawks , Mark Eaton 3 (Hal Gill, Joe Thornton) at 17:19

Penalties :
Trent Hunter (WSH) for Fighting (Major) at 1:23, Chris Neil (CHI) for Fighting (Major) at 1:23, Chris Neil (CHI) for instigated a fight (Game Misconduct) at 1:23, Jeff Halpern (WSH) for Hooking (Minor) at 8:55, Samuel Pahlsson (CHI) for Interference (Minor) at 11:41

Goalie Stats

Braden Holtby (CHI), 24 saves from 28 shots - (0.857), W, 5-7-3, 60:00 minutes
Mike Smith (WSH), 9 saves from 11 shots - (0.818), L, 1-1-1, 22:12 minutes
Jimmy Howard (WSH), 18 saves from 22 shots - (0.818), 37:48 minutes

Players Stats

BlackHawks
Player Name              G  A  P  +/- PIM S  H  SB FO    MP 
------------------------------------------------------------
Anton Babchuk            0  1  1   1  0   1  2  1  0/0   23 
Chris Campoli            1  1  2   0  0   1  2  0  0/0   18 
Chris Neil               0  0  0   1  17  1  0  0  0/0   8  
Cody McCormick           0  0  0  -1  0   0  3  0  1/1   15 
Daniel Paille            1  0  1   1  0   4  0  0  0/1   10 
Darren Helm              0  0  0   0  0   4  2  0  8/21  20 
Hal Gill                 0  2  2   1  0   1  2  2  0/0   20 
James Neal               0  0  0   1  2   2  1  0  0/0   14 
Jay McClement            0  1  1  -1  0   1  0  0  13/16 13 
Joe Thornton             1  1  2   1  0   5  0  0  15/25 18 
Mark Eaton               1  0  1   0  0   2  1  1  0/0   18 
Mathieu Darche           0  1  1   0  0   3  2  0  0/1   18 
Mats Zuccarello          1  1  2   0  0   3  1  0  0/2   17 
Mattias Ohlund           0  0  0  -1  0   0  2  2  0/0   22 
Ron Hainsey              0  1  1   1  0   0  0  1  0/0   19 
Samuel Pahlsson          0  1  1   1  2   1  0  0  9/13  13 
Sean Avery               1  0  1  -1  0   2  0  0  1/1   13 
Tyler Kennedy            0  1  1   1  0   2  1  0  0/0   14 
Capitals
Player Name              G  A  P  +/- PIM S  H  SB FO    MP 
------------------------------------------------------------
Alexander Ovechkin       0  3  3   1  0   1  1  0  1/1   23 
Alexander Semin          0  1  1  -3  0   1  0  1  2/7   19 
Alexei Kovalev           1  0  1   0  0   3  0  0  0/1   10 
Cory Sarich              0  1  1   2  2   1  1  0  0/0   15 
David Desharnais         0  0  0   1  0   2  1  1  4/16  19 
Douglas Murray           0  0  0   1  0   1  1  0  0/0   17 
Jeff Halpern             0  0  0  -4  2   3  2  1  12/26 19 
Marc Methot              0  0  0   2  2   0  3  0  0/0   17 
Mathieu Perreault        0  0  0   0  0   0  0  0  0/0   0  
Matt Stajan              1  0  1   1  0   2  1  0  13/25 18 
Mike Green               1  2  3   1  0   2  3  4  0/0   23 
Ryan McDonagh            0  0  0  -4  2   0  2  1  0/0   19 
Ryane Clowe              0  1  1   1  0   3  2  0  2/2   18 
Steve Eminger            0  0  0   0  0   0  1  0  0/0   6  
Taylor Hall              1  0  1   2  0   5  1  0  0/0   16 
Tomas Fleischmann        0  0  0  -4  0   3  0  0  0/0   18 
Trent Hunter             0  0  0   2  7   0  4  1  0/3   13 
Willie Mitchell          0  0  0  -4  0   1  0  0  0/0   21 

3 Stars

1 - Mike Green (WSH)
2 - Alexander Ovechkin (WSH)
3 - Chris Campoli (CHI)

Power Play

BlackHawks - 1 on 5 Attempt(s) - 20.00%
Capitals - 0 on 3 Attempt(s) - 0.00%

Penalty Kill

BlackHawks - 3 on 3 Attempt(s) - 100.00% - Score 0 goal in Penalty Kill
Capitals - 4 on 5 Attempt(s) - 80.00% - Score 0 goal in Penalty Kill

Game Notes

Mike Smith enters game at 17:48 of 2nd period
Trent Hunter beats up Chris Neil at 1:23 of 3rd period
Chris Neil ejected from game at 1:23 of 3rd period

Finance

Level 1 -- Attendance: 5323 (81.89%) -- Ticket Income $532,300.00
Level 2 -- Attendance: 3502 (70.04%) -- Ticket Income $210,120.00
Level 3 -- Attendance: 2644 (75.54%) -- Ticket Income $92,540.00
Level 4 -- Attendance: 2672 (100.00%) -- Ticket Income $53,440.00
Luxury Box -- Attendance: 841 (84.10%) -- Ticket Income $168,200.00
Game was played at the Verizon Center
Total Attendance: 14982 (80.24%)
Total Ticket Income: $1,079,416.00
Other Income: $221,140.20
Total Income: $1,300,556.00


Play by Play

Period #1

0:01 of 1st period - Joe Thornton wins face-off versus Matt Stajan in neutral zone.
1:29 of 1st period - Mathieu Darche is hit by Jeff Halpern.
2:10 of 1st period - Off-side.
2:11 of 1st period - Jay McClement wins face-off versus Matt Stajan in neutral zone.
2:17 of 1st period - Icing by Mike Green.
2:18 of 1st period - Samuel Pahlsson wins face-off versus Matt Stajan in Capitals zone.
2:25 of 1st period - Shot by Daniel Paille.
2:25 of 1st period - Goal by Daniel Paille - BlackHawks : 1 - Capitals : 0.
2:26 of 1st period - David Desharnais wins face-off versus Jay McClement in neutral zone.
2:33 of 1st period - Cody McCormick is hit by Trent Hunter and loses puck.
2:50 of 1st period - Minor Penalty to Marc Methot for Slashing.
2:51 of 1st period - Joe Thornton wins face-off versus David Desharnais in Capitals zone.
3:28 of 1st period - Joe Thornton is hit by Mike Green and loses puck.
4:49 of 1st period - Icing by Samuel Pahlsson.
4:50 of 1st period - Samuel Pahlsson wins face-off versus Alexander Semin in BlackHawks zone.
4:50 of 1st period - Anton Babchuk is hit by Trent Hunter and loses puck.
5:26 of 1st period - Taylor Hall is hit by Anton Babchuk and loses puck.
5:32 of 1st period - Anton Babchuk is hit by Marc Methot and loses puck.
5:36 of 1st period - Icing by Marc Methot.
5:37 of 1st period - Jay McClement wins face-off versus Alexander Semin in Capitals zone.
5:47 of 1st period - Hal Gill is hit by Marc Methot and loses puck.
6:46 of 1st period - Icing by Hal Gill.
6:47 of 1st period - Jay McClement wins face-off versus Jeff Halpern in BlackHawks zone.
6:47 of 1st period - Hal Gill is hit by Alexander Ovechkin and loses puck.
7:21 of 1st period - Icing by Cody McCormick.
7:22 of 1st period - Jay McClement wins face-off versus Matt Stajan in BlackHawks zone.
7:59 of 1st period - Shot by Darren Helm.
7:59 of 1st period - Shot Misses the Net.
8:03 of 1st period - Shot by Darren Helm.
8:03 of 1st period - Stopped by Jimmy Howard without a rebound.
8:04 of 1st period - Samuel Pahlsson wins face-off versus Jeff Halpern in Capitals zone.
8:11 of 1st period - Shot by Samuel Pahlsson.
8:11 of 1st period - Shot Blocked by Alexander Semin.
8:17 of 1st period - Shot by Daniel Paille.
8:17 of 1st period - Stopped by Jimmy Howard without a rebound.
8:18 of 1st period - Samuel Pahlsson wins face-off versus David Desharnais in Capitals zone.
9:25 of 1st period - Shot by Alexander Semin.
9:25 of 1st period - Stopped by Braden Holtby without a rebound.
9:26 of 1st period - Matt Stajan wins face-off versus Joe Thornton in BlackHawks zone.
9:41 of 1st period - Shot by Joe Thornton.
9:41 of 1st period - Deflect By James Neal.
9:41 of 1st period - Stopped by Jimmy Howard with a rebound.
9:43 of 1st period - Shot by James Neal.
9:43 of 1st period - Shot Blocked by Mike Green.
9:45 of 1st period - Shot by Mark Eaton.
9:45 of 1st period - Shot Misses the Net.
9:49 of 1st period - Shot by Tyler Kennedy.
9:49 of 1st period - Shot Hit the Post.
9:51 of 1st period - Shot by Tyler Kennedy.
9:51 of 1st period - Shot Misses the Net.
9:53 of 1st period - Shot by James Neal.
9:53 of 1st period - Stopped by Jimmy Howard without a rebound.
9:54 of 1st period - Jeff Halpern wins face-off versus Darren Helm in Capitals zone.
10:01 of 1st period - Shot by Mathieu Darche.
10:01 of 1st period - Deflect By Mats Zuccarello.
10:01 of 1st period - Goal by Mats Zuccarello - BlackHawks : 2 - Capitals : 0.
10:02 of 1st period - Jeff Halpern wins face-off versus Darren Helm in neutral zone.
10:05 of 1st period - Shot by Alexander Semin.
10:05 of 1st period - Shot Misses the Net.
10:07 of 1st period - Shot by Jeff Halpern.
10:07 of 1st period - Shot Misses the Net.
10:27 of 1st period - Alexander Semin is hit by Darren Helm and loses puck.
10:31 of 1st period - Icing by Alexander Semin.
10:32 of 1st period - Jeff Halpern wins face-off versus Joe Thornton in Capitals zone.
10:32 of 1st period - Jeff Halpern is hit by James Neal.
10:49 of 1st period - Minor Penalty to James Neal for Interference.
10:50 of 1st period - Joe Thornton wins face-off versus Alexei Kovalev in BlackHawks zone.
10:50 of 1st period - Joe Thornton is hit by Ryane Clowe.
11:04 of 1st period - Shot by Ryane Clowe.
11:04 of 1st period - Shot Misses the Net.
11:06 of 1st period - Shot by Matt Stajan.
11:06 of 1st period - Shot Blocked by Hal Gill.
11:08 of 1st period - Shot by Matt Stajan.
11:08 of 1st period - Shot Misses the Net.
11:10 of 1st period - Shot by Matt Stajan.
11:10 of 1st period - Stopped by Braden Holtby with a rebound.
11:12 of 1st period - Shot by Douglas Murray.
11:12 of 1st period - Shot Misses the Net.
11:20 of 1st period - Shot by Douglas Murray.
11:20 of 1st period - Stopped by Braden Holtby without a rebound.
11:21 of 1st period - Darren Helm wins face-off versus David Desharnais in BlackHawks zone.
12:18 of 1st period - Anton Babchuk is hit by Matt Stajan and loses puck.
12:51 of 1st period - Shot by Taylor Hall.
12:51 of 1st period - Stopped by Braden Holtby with a rebound.
13:11 of 1st period - Shot by Jay McClement.
13:11 of 1st period - Stopped by Jimmy Howard without a rebound.
13:12 of 1st period - Matt Stajan wins face-off versus Samuel Pahlsson in Capitals zone.
14:09 of 1st period - Shot by Darren Helm.
14:09 of 1st period - Stopped by Jimmy Howard without a rebound.
14:10 of 1st period - Jay McClement wins face-off versus David Desharnais in Capitals zone.
14:19 of 1st period - Taylor Hall is hit by Mattias Ohlund and loses puck.
14:28 of 1st period - Shot by Taylor Hall.
14:28 of 1st period - Shot Misses the Net.
14:30 of 1st period - Shot by David Desharnais.
14:30 of 1st period - Shot Misses the Net.
14:32 of 1st period - Shot by Taylor Hall.
14:32 of 1st period - Shot Blocked by Mattias Ohlund.
14:34 of 1st period - Shot by David Desharnais.
14:34 of 1st period - Shot Misses the Net.
14:36 of 1st period - Shot by Taylor Hall.
14:36 of 1st period - Shot Blocked by Mattias Ohlund.
14:40 of 1st period - Shot by Taylor Hall.
14:40 of 1st period - Stopped by Braden Holtby without a rebound.
14:41 of 1st period - Joe Thornton wins face-off versus Jeff Halpern in BlackHawks zone.
15:02 of 1st period - Shot by Tomas Fleischmann.
15:02 of 1st period - Shot Blocked by Anton Babchuk.
15:04 of 1st period - Shot by Ryan McDonagh.
15:04 of 1st period - Shot Misses the Net.
15:06 of 1st period - Shot by Jeff Halpern.
15:06 of 1st period - Stopped by Braden Holtby without a rebound.
15:07 of 1st period - Matt Stajan wins face-off versus Mathieu Darche in BlackHawks zone.
15:24 of 1st period - Shot by Alexander Ovechkin.
15:24 of 1st period - Deflect By Ryane Clowe.
15:24 of 1st period - Shot Blocked by Ron Hainsey.
15:26 of 1st period - Shot by Mike Green.
15:26 of 1st period - Goal by Mike Green - BlackHawks : 2 - Capitals : 1.
15:27 of 1st period - Samuel Pahlsson wins face-off versus David Desharnais in neutral zone.
15:44 of 1st period - Shot by Chris Neil.
15:44 of 1st period - Stopped by Jimmy Howard without a rebound.
15:45 of 1st period - Jay McClement wins face-off versus Jeff Halpern in Capitals zone.
16:22 of 1st period - Shot by Jeff Halpern.
16:22 of 1st period - Stopped by Braden Holtby without a rebound.
16:23 of 1st period - Matt Stajan wins face-off versus Darren Helm in BlackHawks zone.
16:32 of 1st period - Shot by Alexander Ovechkin.
16:32 of 1st period - Deflect By Ryane Clowe.
16:32 of 1st period - Stopped by Braden Holtby without a rebound.
16:33 of 1st period - Samuel Pahlsson wins face-off versus David Desharnais in BlackHawks zone.
16:33 of 1st period - Samuel Pahlsson is hit by Trent Hunter.
16:53 of 1st period - David Desharnais is hit by Mark Eaton and loses puck.
17:30 of 1st period - Shot by Mats Zuccarello.
17:30 of 1st period - Shot Misses the Net.
17:32 of 1st period - Shot by Mats Zuccarello.
17:32 of 1st period - Shot Blocked by Mike Green.
17:36 of 1st period - Shot by Mathieu Darche.
17:36 of 1st period - Shot Misses the Net.
17:38 of 1st period - Shot by Darren Helm.
17:38 of 1st period - Stopped by Jimmy Howard without a rebound.
17:39 of 1st period - Jay McClement wins face-off versus Jeff Halpern in Capitals zone.
17:59 of 1st period - Off-side.
18:00 of 1st period - Matt Stajan wins face-off versus Darren Helm in neutral zone.
18:00 of 1st period - Alexander Ovechkin is hit by Mathieu Darche and loses puck.
18:11 of 1st period - Mathieu Darche is hit by Steve Eminger and loses puck.
18:30 of 1st period - Mats Zuccarello is hit by Mike Green and loses puck.
18:37 of 1st period - Shot by Mathieu Darche.
18:37 of 1st period - Stopped by Jimmy Howard without a rebound.
18:38 of 1st period - Jay McClement wins face-off versus Jeff Halpern in Capitals zone.
18:43 of 1st period - Shot by Sean Avery.
18:43 of 1st period - Goal by Sean Avery - BlackHawks : 3 - Capitals : 1.
18:44 of 1st period - Sean Avery wins face-off versus David Desharnais in neutral zone.
18:46 of 1st period - Mattias Ohlund is hit by Marc Methot.
18:52 of 1st period - Shot by Jay McClement.
18:52 of 1st period - Shot Blocked by David Desharnais.
19:12 of 1st period - Shot by Taylor Hall.
19:12 of 1st period - Shot Blocked by Hal Gill.
19:16 of 1st period - Shot by Trent Hunter.
19:16 of 1st period - Shot Misses the Net.
19:20 of 1st period - Shot by Taylor Hall.
19:20 of 1st period - Stopped by Braden Holtby without a rebound.
19:21 of 1st period - Jeff Halpern wins face-off versus Samuel Pahlsson in BlackHawks zone.

Period #2

0:01 of 2nd period - Matt Stajan wins face-off versus Joe Thornton in neutral zone.
1:09 of 2nd period - Shot by Alexander Semin.
1:09 of 2nd period - Shot Misses the Net.
1:13 of 2nd period - Shot by Alexander Semin.
1:13 of 2nd period - Shot Misses the Net.
1:15 of 2nd period - Shot by Jeff Halpern.
1:15 of 2nd period - Stopped by Braden Holtby without a rebound.
1:16 of 2nd period - David Desharnais wins face-off versus Darren Helm in BlackHawks zone.
1:35 of 2nd period - Shot by Mathieu Darche.
1:35 of 2nd period - Shot Misses the Net.
1:37 of 2nd period - Shot by Chris Campoli.
1:37 of 2nd period - Deflect By Mats Zuccarello.
1:37 of 2nd period - Shot Misses the Net.
1:39 of 2nd period - Shot by Mathieu Darche.
1:39 of 2nd period - Shot Misses the Net.
1:41 of 2nd period - Shot by Mats Zuccarello.
1:41 of 2nd period - Shot Misses the Net.
1:45 of 2nd period - Shot by Darren Helm.
1:45 of 2nd period - Stopped by Jimmy Howard without a rebound.
1:46 of 2nd period - Jay McClement wins face-off versus Jeff Halpern in Capitals zone.
1:46 of 2nd period - Hal Gill is hit by Ryan McDonagh and loses puck.
1:48 of 2nd period - Minor Penalty to Ryan McDonagh for Roughing.
1:49 of 2nd period - Jeff Halpern wins face-off versus Darren Helm in Capitals zone.
2:15 of 2nd period - Icing by Ron Hainsey.
2:16 of 2nd period - Darren Helm wins face-off versus David Desharnais in BlackHawks zone.
2:54 of 2nd period - Shot by Anton Babchuk.
2:54 of 2nd period - Shot Misses the Net.
2:56 of 2nd period - Shot by Chris Campoli.
2:56 of 2nd period - Shot Misses the Net.
2:58 of 2nd period - Shot by Joe Thornton.
2:58 of 2nd period - Stopped by Jimmy Howard without a rebound.
2:59 of 2nd period - Joe Thornton wins face-off versus Jeff Halpern in Capitals zone.
3:02 of 2nd period - Shot by Chris Campoli.
3:02 of 2nd period - Shot Blocked by Jeff Halpern.
3:06 of 2nd period - Shot by Joe Thornton.
3:06 of 2nd period - Stopped by Jimmy Howard without a rebound.
3:07 of 2nd period - Jeff Halpern wins face-off versus Joe Thornton in Capitals zone.
5:01 of 2nd period - Shot by Daniel Paille.
5:01 of 2nd period - Stopped by Jimmy Howard with a rebound.
5:03 of 2nd period - Shot by Daniel Paille.
5:03 of 2nd period - Stopped by Jimmy Howard with a rebound.
5:07 of 2nd period - Shot by Mark Eaton.
5:07 of 2nd period - Shot Blocked by Ryan McDonagh.
5:11 of 2nd period - Shot by Samuel Pahlsson.
5:11 of 2nd period - Stopped by Jimmy Howard without a rebound.
5:12 of 2nd period - Matt Stajan wins face-off versus Darren Helm in Capitals zone.
5:12 of 2nd period - Matt Stajan is hit by Mathieu Darche.
5:52 of 2nd period - Alexander Ovechkin is hit by Chris Campoli and loses puck.
7:04 of 2nd period - Icing by Anton Babchuk.
7:05 of 2nd period - Matt Stajan wins face-off versus Daniel Paille in BlackHawks zone.
7:14 of 2nd period - Shot by Alexander Ovechkin.
7:14 of 2nd period - Stopped by Braden Holtby with a rebound.
7:28 of 2nd period - Shot by Ryane Clowe.
7:28 of 2nd period - Stopped by Braden Holtby without a rebound.
7:29 of 2nd period - Jay McClement wins face-off versus Jeff Halpern in BlackHawks zone.
7:29 of 2nd period - Jay McClement is hit by Jeff Halpern.
8:05 of 2nd period - Minor Penalty to Trent Hunter for Tripping.
8:06 of 2nd period - Ryane Clowe wins face-off versus Joe Thornton in Capitals zone.
8:18 of 2nd period - Joe Thornton is hit by Ryane Clowe and loses puck.
8:25 of 2nd period - Shot by Joe Thornton.
8:25 of 2nd period - Stopped by Jimmy Howard without a rebound.
8:26 of 2nd period - David Desharnais wins face-off versus Mats Zuccarello in Capitals zone.
8:35 of 2nd period - Shot by Mathieu Darche.
8:35 of 2nd period - Stopped by Jimmy Howard without a rebound.
8:36 of 2nd period - Alexander Semin wins face-off versus Joe Thornton in Capitals zone.
8:51 of 2nd period - Shot by Joe Thornton.
8:51 of 2nd period - Shot Misses the Net.
10:19 of 2nd period - Shot by Alexei Kovalev.
10:19 of 2nd period - Shot Misses the Net.
10:37 of 2nd period - Shot by Alexander Ovechkin.
10:37 of 2nd period - Shot Blocked by Mark Eaton.
10:39 of 2nd period - Shot by Alexei Kovalev.
10:39 of 2nd period - Stopped by Braden Holtby without a rebound.
10:40 of 2nd period - Jay McClement wins face-off versus Alexander Semin in BlackHawks zone.
11:01 of 2nd period - Shot by Taylor Hall.
11:01 of 2nd period - Stopped by Braden Holtby with a rebound.
11:03 of 2nd period - Shot by Taylor Hall.
11:03 of 2nd period - Goal by Taylor Hall - BlackHawks : 3 - Capitals : 2.
11:04 of 2nd period - Darren Helm wins face-off versus Jeff Halpern in neutral zone.
11:07 of 2nd period - Ryan McDonagh is hit by Mats Zuccarello and loses puck.
11:16 of 2nd period - Shot by Alexander Semin.
11:16 of 2nd period - Shot Misses the Net.
11:21 of 2nd period - Icing by Chris Campoli.
11:22 of 2nd period - Darren Helm wins face-off versus Matt Stajan in BlackHawks zone.
11:37 of 2nd period - Shot by Mathieu Darche.
11:37 of 2nd period - Shot Misses the Net.
12:54 of 2nd period - Taylor Hall is hit by Hal Gill and loses puck.
13:20 of 2nd period - Off-side.
13:21 of 2nd period - Matt Stajan wins face-off versus Joe Thornton in neutral zone.
13:39 of 2nd period - Icing by Anton Babchuk.
13:40 of 2nd period - Jeff Halpern wins face-off versus Joe Thornton in BlackHawks zone.
14:08 of 2nd period - Shot by Tomas Fleischmann.
14:08 of 2nd period - Stopped by Braden Holtby with a rebound.
14:46 of 2nd period - Off-side.
14:47 of 2nd period - Matt Stajan wins face-off versus Samuel Pahlsson in neutral zone.
15:03 of 2nd period - Ryane Clowe is hit by Hal Gill and loses puck.
15:57 of 2nd period - Icing by Samuel Pahlsson.
15:58 of 2nd period - Samuel Pahlsson wins face-off versus Matt Stajan in BlackHawks zone.
16:13 of 2nd period - Shot by Alexei Kovalev.
16:13 of 2nd period - Shot Misses the Net.
16:19 of 2nd period - Shot by Mats Zuccarello.
16:19 of 2nd period - Stopped by Jimmy Howard without a rebound.
16:20 of 2nd period - Joe Thornton wins face-off versus Trent Hunter in Capitals zone.
17:15 of 2nd period - Shot by Mats Zuccarello.
17:15 of 2nd period - Shot Misses the Net.
17:48 of 2nd period - Shot by Chris Campoli.
17:48 of 2nd period - Goal by Chris Campoli - BlackHawks : 4 - Capitals : 2.
17:48 of 2nd period - Mike Smith enters game.
17:49 of 2nd period - Matt Stajan wins face-off versus Jay McClement in neutral zone.
18:56 of 2nd period - Icing by Sean Avery.
18:57 of 2nd period - Jay McClement wins face-off versus Jeff Halpern in BlackHawks zone.
19:15 of 2nd period - Off-side.
19:16 of 2nd period - Joe Thornton wins face-off versus Trent Hunter in neutral zone.
19:22 of 2nd period - Minor Penalty to Cory Sarich for Hooking.
19:23 of 2nd period - Joe Thornton wins face-off versus David Desharnais in Capitals zone.
19:52 of 2nd period - Shot by Anton Babchuk.
19:52 of 2nd period - Stopped by Mike Smith with a rebound.

Period #3

0:01 of 3rd period - Jeff Halpern wins face-off versus Joe Thornton in neutral zone.
0:38 of 3rd period - Alexander Ovechkin is hit by Tyler Kennedy and loses puck.
1:23 of 3rd period - Trent Hunter beats up Chris Neil.
1:23 of 3rd period - Penalty to Trent Hunter for Fighting.
1:23 of 3rd period - Penalty to Chris Neil for Fighting.
1:23 of 3rd period - Penalty to Chris Neil for instigated a fight.
1:23 of 3rd period - Chris Neil is ejected from game.
1:24 of 3rd period - Ryane Clowe wins face-off versus Darren Helm in neutral zone.
1:47 of 3rd period - Icing by Douglas Murray.
1:48 of 3rd period - Joe Thornton wins face-off versus Matt Stajan in Capitals zone.
1:57 of 3rd period - Shot by Willie Mitchell.
1:57 of 3rd period - Stopped by Braden Holtby without a rebound.
1:58 of 3rd period - Joe Thornton wins face-off versus David Desharnais in BlackHawks zone.
2:11 of 3rd period - Shot by Alexander Semin.
2:11 of 3rd period - Shot Misses the Net.
2:13 of 3rd period - Shot by David Desharnais.
2:13 of 3rd period - Stopped by Braden Holtby without a rebound.
2:14 of 3rd period - Joe Thornton wins face-off versus Matt Stajan in BlackHawks zone.
3:23 of 3rd period - Alexander Ovechkin is hit by Mattias Ohlund.
3:25 of 3rd period - Shot by Alexei Kovalev.
3:25 of 3rd period - Goal by Alexei Kovalev - BlackHawks : 4 - Capitals : 3.
3:26 of 3rd period - David Desharnais wins face-off versus Jay McClement in neutral zone.
3:55 of 3rd period - Mattias Ohlund is hit by Taylor Hall and loses puck.
4:20 of 3rd period - Off-side.
4:21 of 3rd period - Darren Helm wins face-off versus Matt Stajan in neutral zone.
4:25 of 3rd period - Mathieu Darche is hit by Mike Green.
5:04 of 3rd period - Alexander Ovechkin is hit by Anton Babchuk and loses puck.
5:23 of 3rd period - Shot by Alexander Semin.
5:23 of 3rd period - Shot Misses the Net.
5:25 of 3rd period - Shot by Tomas Fleischmann.
5:25 of 3rd period - Stopped by Braden Holtby with a rebound.
5:27 of 3rd period - Shot by Tomas Fleischmann.
5:27 of 3rd period - Stopped by Braden Holtby without a rebound.
5:28 of 3rd period - Alexander Semin wins face-off versus Samuel Pahlsson in BlackHawks zone.
5:31 of 3rd period - Shot by Taylor Hall.
5:31 of 3rd period - Shot Misses the Net.
5:33 of 3rd period - Shot by Cory Sarich.
5:33 of 3rd period - Stopped by Braden Holtby without a rebound.
5:34 of 3rd period - Samuel Pahlsson wins face-off versus Jeff Halpern in BlackHawks zone.
7:15 of 3rd period - Marc Methot is hit by Darren Helm and loses puck.
8:01 of 3rd period - Icing by Cory Sarich.
8:02 of 3rd period - Samuel Pahlsson wins face-off versus David Desharnais in Capitals zone.
8:55 of 3rd period - Minor Penalty to Jeff Halpern for Hooking.
8:56 of 3rd period - Darren Helm wins face-off versus Matt Stajan in Capitals zone.
9:11 of 3rd period - Shot by Mathieu Darche.
9:11 of 3rd period - Stopped by Mike Smith without a rebound.
9:12 of 3rd period - Joe Thornton wins face-off versus Alexander Semin in Capitals zone.
9:36 of 3rd period - Shot by Chris Campoli.
9:36 of 3rd period - Shot Misses the Net.
9:38 of 3rd period - Shot by Joe Thornton.
9:38 of 3rd period - Shot Blocked by Mike Green.
9:40 of 3rd period - Shot by Joe Thornton.
9:40 of 3rd period - Goal by Joe Thornton - BlackHawks : 5 - Capitals : 3.
9:41 of 3rd period - Jeff Halpern wins face-off versus Darren Helm in neutral zone.
9:55 of 3rd period - Icing by Ron Hainsey.
9:56 of 3rd period - Matt Stajan wins face-off versus Darren Helm in BlackHawks zone.
10:11 of 3rd period - Shot by Alexei Kovalev.
10:11 of 3rd period - Stopped by Braden Holtby with a rebound.
10:15 of 3rd period - Shot by Mike Green.
10:15 of 3rd period - Stopped by Braden Holtby without a rebound.
10:16 of 3rd period - Cody McCormick wins face-off versus Jeff Halpern in BlackHawks zone.
10:56 of 3rd period - Mattias Ohlund is hit by Douglas Murray and loses puck.
11:13 of 3rd period - Taylor Hall is hit by Cody McCormick and loses puck.
11:41 of 3rd period - Minor Penalty to Samuel Pahlsson for Interference.
11:42 of 3rd period - Jeff Halpern wins face-off versus Darren Helm in BlackHawks zone.
12:13 of 3rd period - Icing by Jeff Halpern.
12:14 of 3rd period - Jeff Halpern wins face-off versus Joe Thornton in Capitals zone.
12:27 of 3rd period - Anton Babchuk is hit by David Desharnais and loses puck.
13:54 of 3rd period - Shot by Tyler Kennedy.
13:54 of 3rd period - Shot Blocked by Trent Hunter.
13:58 of 3rd period - Shot by Tyler Kennedy.
13:58 of 3rd period - Stopped by Mike Smith without a rebound.
13:59 of 3rd period - Darren Helm wins face-off versus Matt Stajan in Capitals zone.
14:22 of 3rd period - Shot by Alexander Ovechkin.
14:22 of 3rd period - Shot Hit the Post.
14:26 of 3rd period - Shot by Alexander Ovechkin.
14:26 of 3rd period - Shot Misses the Net.
14:28 of 3rd period - Shot by Alexander Ovechkin.
14:28 of 3rd period - Deflect By Matt Stajan.
14:28 of 3rd period - Goal by Matt Stajan - BlackHawks : 5 - Capitals : 4.
14:29 of 3rd period - Joe Thornton wins face-off versus Jeff Halpern in neutral zone.
14:46 of 3rd period - Shot by Tyler Kennedy.
14:46 of 3rd period - Shot Misses the Net.
14:50 of 3rd period - Shot by Joe Thornton.
14:50 of 3rd period - Stopped by Mike Smith without a rebound.
14:51 of 3rd period - Jay McClement wins face-off versus Trent Hunter in Capitals zone.
15:02 of 3rd period - Shot by David Desharnais.
15:02 of 3rd period - Stopped by Braden Holtby with a rebound.
15:12 of 3rd period - Shot by Sean Avery.
15:12 of 3rd period - Stopped by Mike Smith without a rebound.
15:13 of 3rd period - Jeff Halpern wins face-off versus Darren Helm in Capitals zone.
15:27 of 3rd period - Alexander Semin is hit by Chris Campoli and loses puck.
15:46 of 3rd period - Shot by Mathieu Darche.
15:46 of 3rd period - Shot Misses the Net.
16:18 of 3rd period - Shot by Ryane Clowe.
16:18 of 3rd period - Stopped by Braden Holtby without a rebound.
16:19 of 3rd period - Joe Thornton wins face-off versus David Desharnais in BlackHawks zone.
16:19 of 3rd period - Joe Thornton is hit by Trent Hunter.
16:42 of 3rd period - Tyler Kennedy is hit by Cory Sarich and loses puck.
16:49 of 3rd period - Shot by Tyler Kennedy.
16:49 of 3rd period - Stopped by Mike Smith without a rebound.
16:50 of 3rd period - Matt Stajan wins face-off versus Darren Helm in Capitals zone.
17:09 of 3rd period - Shot by Mats Zuccarello.
17:09 of 3rd period - Stopped by Mike Smith without a rebound.
17:10 of 3rd period - Joe Thornton wins face-off versus Alexander Semin in Capitals zone.
17:14 of 3rd period - Joe Thornton is hit by Ryan McDonagh and loses puck.
17:17 of 3rd period - Shot by Hal Gill.
17:17 of 3rd period - Stopped by Mike Smith with a rebound.
17:19 of 3rd period - Shot by Mark Eaton.
17:19 of 3rd period - Goal by Mark Eaton - BlackHawks : 6 - Capitals : 4.
17:20 of 3rd period - Alexander Ovechkin wins face-off versus Mats Zuccarello in neutral zone.
17:20 of 3rd period - Alexander Ovechkin is hit by Cody McCormick.
17:30 of 3rd period - Alexander Semin is hit by Cody McCormick and loses puck.
17:41 of 3rd period - Shot by Mats Zuccarello.
17:41 of 3rd period - Shot Misses the Net.
18:17 of 3rd period - Icing by Alexander Ovechkin.
18:18 of 3rd period - Darren Helm wins face-off versus Matt Stajan in Capitals zone.
19:50 of 3rd period - Shot by Sean Avery.
19:50 of 3rd period - Shot Blocked by Mike Green.
19:52 of 3rd period - Shot by Mark Eaton.
19:52 of 3rd period - Stopped by Mike Smith with a rebound.
19:54 of 3rd period - Shot by Cody McCormick.
19:54 of 3rd period - Shot Misses the Net.


Output by the SimonT Hockey Simulator (STHS) for Stephane Roy -- Original Page W3C XHTML 1.0 Valid